 Dungeon Sprint DCSS version 0.27.1-33-g824d729ab1 (webtiles) character file.

Game seed: 1513483255395614448

15162 manyhoops the Wrestler (level 11, -9/196 HPs)
             Began as a Troll Berserker on Dec 7, 2021.
             Was the Champion of Trog.
             Mangled by a fire giant (28 damage)
             ... while paralysed
             ... in the Dungeon (Sprint I: "Red Sonja").
             The game lasted 00:07:09 (1464 turns).

manyhoops the Wrestler (Troll Berserker)            Turns: 1464, Time: 00:07:09

Health: -9/196     AC:  5    Str: 32      XL:     11   Next: 98%
Magic:  10/10      EV:  1    Int:  0 (1)  God:    Trog [******]
Gold:   453        SH:  0    Dex:  9      Spells: 10/10 levels left

rFire    + . .     SeeInvis .     - Unarmed
rCold    . . .     Faith    .   (no shield)
rNeg     . . .     Spirit   .   o - +2 robe {rF+}
rPois    .         Reflect  .   (helmet restricted)
rElec    +         Harm     .   (no cloak)
rCorr    .         Rampage  .   (gloves unavailable)
Will     ++...     NoTele   +   (boots unavailable)
Stlth    ..........             (no amulet)
HPRegen  2.42/turn              (no ring)
MPRegen  0.12/turn              (no ring)

@: paralysed, berserking (expiring), strong-willed, regenerating, slowed, lost
intelligence
A: large, unfitting armour, claws 3, regeneration 1, shaggy fur 1, tough skin 1,
hooves 1, deformed body, deterioration 1, dopey 1, electricity resistance,
strong 1
a: Renounce Religion, Berserk, Trog's Hand, Brothers in Arms


You were in the Dungeon.
You worshipped Trog.
Trog was exalted by your worship.
You visited 1 branch You collected 1883 gold pieces.
You spent 1430 gold pieces at shops.

Inventory:

Armour
 m - the +1 robe of Oneiv {rPois}
   (You bought it in a shop in the Dungeon)

   rPois:     It protects you from poison.
 o - a +2 robe of fire resistance (worn)
Jewellery
 r - a ring of protection from cold
Wands
 j - a wand of paralysis (12)
 s - a wand of iceblast (5)
Scrolls
 a - 2 scrolls of fog
 g - 2 scrolls of blinking
 l - 2 scrolls of enchant armour
 n - a scroll of identify
 q - 3 scrolls of magic mapping {unknown}
Potions
 b - 2 potions of might
 c - 4 potions of heal wounds
 d - 2 potions of haste
 e - 2 potions of magic
 f - a potion of berserk rage
 h - a potion of flight
 i - 2 potions of lignification
 k - 2 potions of curing
 p - a potion of resistance


   Skills:
 + Level 14.6 Fighting
 - Level 2.4 Dodging
 + Level 22.7 Unarmed Combat


You had 10 spell levels left.
You didn't know any spells.
Your spell library was empty.

Dungeon Overview and Level Annotations

Branches:
Dungeon (1/1)

Altars:
Cheibriados
Dithmenos
Elyvilon
Fedhas
Gozag
Hepliaklqana
Kikubaaqudgha
Makhleb
Nemelex Xobeh
Okawaru
Qazlal
Ru
Sif Muna
Trog
Uskayaw
Vehumet
Wu Jian
Xom
Yredelemnul
Zin
The Shining One
Jiyva
Lugonu

Shops:
D !!=!:[?*=[[=[!(*!(*[*


Innate Abilities, Weirdness & Mutations

You are too large for most types of armour.
You have claws for hands.
Your natural rate of healing is unusually fast.
You are covered in fur. (AC +1)
You have tough skin. (AC +1)
You have large cloven feet.
Armour fits poorly on your strangely shaped body.
Your body sometimes deteriorates upon taking damage.
You are dopey. (Int -2)
You are resistant to electric shocks. (rElec)
Your muscles are strong. (Str +2)


Message History

a +0 great sword of flaming; a fire giant corpse Your skin crawls.
You feel strong-willed.
A red film seems to cover your vision as you go berserk!
You feel yourself moving faster!
You feel mighty!
The fire giant gestures at you while chanting.
The bolt of fire hits you! You resist.
You feel a strong urge to attack something.
The fire giant shouts!
The fire giant hits you with a +0 great sword of flaming!
The fire giant burns you.
You barely miss the fire giant. You kick the fire giant.
The fire giant is lightly wounded.
You claw the fire giant! You kick the fire giant!
The fire giant is moderately wounded.
The fire giant gestures at you while chanting.
The bolt of fire misses you.
You mangle the fire giant!! You kick the fire giant!
The fire giant is severely wounded.
You scratch the fire giant. Your kick misses the fire giant.
You claw the fire giant!
The fire giant is almost dead.
You claw the fire giant!
You kill the fire giant!
Trog accepts your kill.
Trog appreciates your killing of a magic user.
The fire giant hits you with a +1 great sword of flaming!!
* * * LOW HITPOINT WARNING * * *
Your body deteriorates!
You feel dopey.
You have lost your intelligence.
The fire giant burns you.
* * * LOW HITPOINT WARNING * * *
The fire giant points at you and mumbles some strange words.
The bolt of fire hits you!! You resist.
* * * LOW HITPOINT WARNING * * *
The fire giant hits you with a +1 great sword of flaming!!
* * * LOW HITPOINT WARNING * * *
The fire giant burns you.
* * * LOW HITPOINT WARNING * * *
The fire giant hits you with a +1 great sword of flaming!!
You die...

##§.§.#
###§#).[##
##+####
#.##...#
#..○
#..###.#
#..○.
##.#A#.#
###^○°
#..###.#
'.#..°#
#.##...#
#†#^.##
#..#+###
#.#..#
##...# #†#
###@# #.#
#C# §§#
#.# #§#
####)# #§#
#....# §.#
#.C.####
### .C..#
###


You could see a fire giant.

Vanquished Creatures
  2 fire giants (D)
  2 centaur warriors (D)
  Sonja (D)
  A deep troll (D)
  A lindwurm (D)
  An oklob plant (D)
  7 unseen horrors (D)
  A gargoyle (D)
  2 kobold demonologists (D)
  4 demonic crawlers (D)
  A hornet (D)
  A slime creature (D)
  2 redbacks (D)
  Sigmund (D)
  13 hogs (D)
  A yak (D)
  3 floating eyes (D)
  7 necrophages (D)
  An ogre (D)
  8 jellies (D)
  Ijyb (D)
61 creatures vanquished.

Vanquished Creatures (collateral kills)
  8 shining eyes (D)
  3 floating eyes (D)
11 creatures vanquished.

Vanquished Creatures (others)
  A gargoyle (D)
  2 ballistomycete spores (D)
3 creatures vanquished.

Grand Total: 75 creatures vanquished

Notes
Turn   | Place    | Note
-------+----------+-------------------------------------------
     0 | D        | manyhoops the Troll Berserker began the quest for the Orb.
     0 | D        | Reached XP level 1. HP: 22/22 MP: 0/0
     1 | D        | Noticed Ijyb
     6 | D        | Killed Ijyb
     7 | D        | Reached skill level 5 in Unarmed Combat
     7 | D        | Reached XP level 2. HP: 32/32 MP: 1/1
    47 | D        | Noticed an ogre
    51 | D        | Killed an ogre
    52 | D        | Reached skill level 5 in Fighting
    52 | D        | Reached skill level 7 in Unarmed Combat
    52 | D        | Reached XP level 3. HP: 44/44 MP: 2/2
    52 | D        | Reached XP level 4. HP: 52/52 MP: 3/3
    92 | D        | Noticed Sigmund
   101 | D        | Killed Sigmund
   101 | D        | Reached ** piety under Trog
   102 | D        | Reached skill level 9 in Unarmed Combat
   102 | D        | Reached XP level 5. HP: 62/62 MP: 4/4
   149 | D        | Found an ornate altar of the Wu Jian Council.
   149 | D        | Found a shimmering blue altar of Sif Muna.
   151 | D        | Found a radiant altar of Vehumet.
   156 | D        | Reached XP level 6. HP: 51/72 MP: 5/5
   172 | D        | Found Lymic's Distillery.
   172 | D        | Found an ancient bone altar of Kikubaaqudgha.
   172 | D        | Found a hazy altar of Hepliaklqana.
   172 | D        | Found a stormy altar of Qazlal.
   172 | D        | Found a hide-covered altar of Uskayaw.
   172 | D        | Found a blossoming altar of Fedhas.
   172 | D        | Found a bloodstained altar of Trog.
   172 | D        | Found an iron altar of Okawaru.
   172 | D        | Found a basalt altar of Yredelemnul.
   172 | D        | Found a glowing golden altar of the Shining One.
   172 | D        | Found a snail-covered altar of Cheibriados.
   172 | D        | Found a sacrificial altar of Ru.
   172 | D        | Found a glowing silver altar of Zin.
   172 | D        | Found a shadowy altar of Dithmenos.
   172 | D        | Found a white marble altar of Elyvilon.
   172 | D        | Noticed a yak
   174 | D        | Killed a yak
   175 | D        | Reached skill level 10 in Unarmed Combat
   175 | D        | Found an opulent altar of Gozag.
   176 | D        | Found a sparkling altar of Nemelex Xobeh.
   180 | D        | Bought a potion of might for 56 gold pieces
   180 | D        | Bought a potion of flight for 42 gold pieces
   180 | D        | Bought a potion of lignification for 42 gold pieces
   201 | D        | Found a viscous altar of Jiyva.
   201 | D        | Found a corrupted altar of Lugonu.
   201 | D        | Noticed a slime creature
   202 | D        | Found a burning altar of Makhleb.
   202 | D        | Found a shimmering altar of Xom.
   207 | D        | Killed a slime creature
   207 | D        | Reached *** piety under Trog
   208 | D        | Reached skill level 11 in Unarmed Combat
   208 | D        | Reached XP level 7. HP: 64/83 MP: 6/6
   238 | D        | Noticed a kobold demonologist
   239 | D        | Noticed a kobold demonologist
   243 | D        | Noticed a soul eater
   244 | D        | Reached skill level 12 in Unarmed Combat
   248 | D        | Killed a kobold demonologist
   249 | D        | Reached skill level 10 in Fighting
   253 | D        | Killed a kobold demonologist
   253 | D        | Reached **** piety under Trog
   254 | D        | Reached skill level 13 in Unarmed Combat
   254 | D        | Reached XP level 8. HP: 96/96 MP: 7/7
   310 | D        | Noticed Sonja
   315 | D        | Killed Sonja
   316 | D        | Reached skill level 14 in Unarmed Combat
   338 | D        | Found Xuaq's Distillery.
   392 | D        | Noticed a deep troll
   397 | D        | Killed a deep troll
   398 | D        | Reached skill level 15 in Unarmed Combat
   398 | D        | Reached XP level 9. HP: 106/106 MP: 8/8
   407 | D        | Found Feroh's Armour Emporium.
   411 | D        | Bought the +1 robe of Oneiv {rPois} for 169 gold pieces
   442 | D        | Noticed a centaur warrior
   442 | D        | Noticed a centaur warrior
   450 | D        | Killed a centaur warrior
   450 | D        | Reached ***** piety under Trog
   451 | D        | Reached skill level 16 in Unarmed Combat
   455 | D        | Killed a centaur warrior
   643 | D        | Noticed an oklob plant
   648 | D        | Killed an oklob plant
   649 | D        | Reached skill level 17 in Unarmed Combat
   649 | D        | Reached XP level 10. HP: 104/119 MP: 9/9
   688 | D        | Reached ****** piety under Trog
   698 | D        | Identified the +4 giant spiked club of the Moon {flame,
                  | rElec} (Trog gifted it to you in the Dungeon)
   698 | D        | Received a gift from Trog
   737 | D        | Reached skill level 18 in Unarmed Combat
   740 | D        | Received a gift from Trog
   762 | D        | Identified the +10 hand axe of Trauma {venom, Contam rPois
                  | rCorr Dex+5}
   768 | D        | Found Toxu's General Store.
   768 | D        | Found Feydwiag's Magic Scroll Shop.
   768 | D        | Found Ikoyponiax's Jewellery Boutique.
   770 | D        | Found Raoxt's Armour Emporium.
   770 | D        | Found Raly's Armour Shop.
   770 | D        | Found Qoup's Jewellery Shoppe.
   770 | D        | Found Juj Qiog's Armour Boutique.
   770 | D        | Found Wubib's Distillery.
   770 | D        | Found Reerut's Weapon Shop.
   770 | D        | Found Irikhies's Assorted Antiques.
   772 | D        | Bought a scroll of identify for 22 gold pieces
   772 | D        | Bought a scroll of blinking for 82 gold pieces
   772 | D        | Bought a scroll of fog for 22 gold pieces
   772 | D        | Bought a scroll of identify for 22 gold pieces
   774 | D        | Found Menurr's Distillery.
   775 | D        | Found Ymarion's Assorted Antiques.
   775 | D        | Found Imelip's Antique Weapon Boutique.
   776 | D        | Found Etramom's General Store.
   778 | D        | Bought a +2 robe of fire resistance for 194 gold pieces
   790 | D        | Bought a potion of resistance for 140 gold pieces
   790 | D        | Bought a potion of heal wounds for 70 gold pieces
   790 | D        | Bought 2 potions of heal wounds for 140 gold pieces
   792 | D        | Bought 3 scrolls labelled DOGYHO TEVEGUFAC for 66 gold
                  | pieces
   797 | D        | Bought a ring of protection from cold for 275 gold pieces
   855 | D        | Noticed a shining eye
   855 | D        | Noticed a shining eye
   855 | D        | Noticed a shining eye
   855 | D        | Noticed a shining eye
   855 | D        | Noticed a shining eye
   855 | D        | Noticed a shining eye
   855 | D        | Gained mutation: You are frail. (-10% HP) [a shining eye]
   856 | D        | Gained mutation: You have large cloven feet. [a shining
                  | eye]
   857 | D        | Noticed a shining eye
   857 | D        | Noticed a shining eye
   857 | D        | Gained mutation: Your body sometimes deteriorates upon
                  | taking damage. [a shining eye]
   858 | D        | Gained mutation: You are dopey. (Int -2) [a shining eye]
   859 | D        | Killed a shining eye
   859 | D        | Received a gift from Trog
   859 | D        | Killed a shining eye
   860 | D        | Killed a shining eye
   861 | D        | Lost intelligence.
   861 | D        | Gained mutation: You are very dopey. (Int -4) [a shining
                  | eye]
   862 | D        | Reached skill level 19 in Unarmed Combat
   862 | D        | Killed a shining eye
   862 | D        | Killed a shining eye
   863 | D        | Killed a shining eye
   865 | D        | Killed a shining eye
   866 | D        | Reached XP level 11. HP: 115/115 MP: 10/10
   866 | D        | Killed a shining eye
   871 | D        | Found Kellucon's Distillery.
   871 | D        | Found Soon's Book Shop.
   871 | D        | Found Wyfuru's Jewellery Emporium.
   871 | D        | Found Waitua's Antique Armour Boutique.
   876 | D        | Bought a potion of mutation for 88 gold pieces
   876 | D        | Lost mutation: You are frail. (-10% HP) [potion of
                  | mutation]
   876 | D        | Lost mutation: You are very dopey. (Int -4) [potion of
                  | mutation]
   876 | D        | Gained mutation: Armour fits poorly on your strangely
                  | shaped body. [potion of mutation]
   876 | D        | Gained mutation: You are resistant to electric shocks.
                  | (rElec) [potion of mutation]
   876 | D        | Gained mutation: Your muscles are strong. (Str +2) [potion
                  | of mutation]
  1052 | D        | Received a gift from Trog
  1053 | D        | Reached skill level 20 in Unarmed Combat
  1116 | D        | Noticed a lindwurm
  1120 | D        | Killed a lindwurm
  1132 | D        | Received a gift from Trog
  1144 | D        | Reached skill level 21 in Unarmed Combat
  1145 | D        | Received a gift from Trog
  1208 | D        | Noticed a daeva
  1230 | D        | Received a gift from Trog
  1434 | D        | Noticed a fire giant
  1445 | D        | Killed a fire giant
  1446 | D        | Reached skill level 22 in Unarmed Combat
  1446 | D        | Noticed a fire giant
  1446 | D        | Noticed a fire giant
  1460 | D        | Killed a fire giant
  1461 | D        | Lost intelligence.
  1464 | D        | Mangled by a fire giant

Illustrated notes

Levels and vault maps discovered:
D:        dungeon_sprint_1 [red_sonja_temple_1, red_sonja_temple_small_1]

Skill      XL: |  1  2  3  4  5  6  7  8  9 10 11 |
---------------+----------------------------------+-----
Fighting       | 4 5 7 9 10 11 13 14 | 14.6
Unarmed Combat | 5 7 9 11 13 15 17 19 22 | 22.7
Dodging        | |  2.4

Action                   |  1- 3 |  4- 6 |  7- 9 | 10-12 || total
-------------------------+-------+-------+-------+-------++-------
Melee: Unarmed           |     7 |    13 |    36 |   111 ||   167
       Punch             |       |     2 |       |    13 ||    15
       Kick              |       |       |       |    24 ||    24
Invok: Berserk           |     2 |     1 |     5 |     3 ||    11
       Trog's Hand       |       |       |     1 |     1 ||     2
       Brothers in Arms  |       |       |       |     3 ||     3
  Use: Potion            |       |     1 |       |     1 ||     2
       Scroll            |       |       |       |     1 ||     1
Armor: Animal skin       |       |       |     3 |       ||     3
       Robe              |       |       |     9 |    28 ||    37
Dodge: Dodged            |     2 |     2 |    10 |    31 ||    45
